 Dungeon Crawl Stone Soup version 0.18-a0-1577-gf591c28 (webtiles) character file.

4319 Duffy the Carver (level 10, -11/115 HPs)
             Began as a Formicid Gladiator on Mar 22, 2016.
             Was a Follower of Makhleb.
             Mangled by MordorOrchid's ghost (14 damage)
             ... in a bailey.
             The game lasted 00:13:25 (9333 turns).

Duffy the Carver (Formicid Gladiator)               Turns: 9333, Time: 00:13:25

Health: -11/115    AC: 25    Str: 19    XL:     10   Next: 58%
Magic:  10/10      EV:  2    Int:  9    God:    Makhleb [*.....]
Gold:   302        SH:  4    Dex: 14    Spells: 0 memorised, 9 levels left

rFire  . . .     SeeInvis .     N - +0 great sword
rCold  + . .     Gourm    .     (armour currently unavailable)
rNeg   + + +     Faith    .     n - +0 buckler
rPois  +         Spirit   .     (helmet unavailable)
rElec  .         Dismiss  .     (cloak currently unavailable)
rCorr  .         Reflect  .     (gloves currently unavailable)
SustAt .         Harm     .     (boots currently unavailable)
MR     +....                    y - amulet of magic regeneration
Stlth  +.........               (no ring)
                                j - ring of protection from cold

@: tree-form, somewhat resistant to hostile enchantments, very unstealthy
A: permanent stasis, dig shafts and tunnels, four strong arms, (antennae 0),
(talons 0)
a: Renounce Religion


You were in a bailey.
You worshipped Makhleb.
Makhleb was aware of your devotion.
You were hungry.
You were a tree.
You visited 2 branches of the dungeon, and saw 9 of its levels.
You also visited: Sewer and Bailey.

You collected 302 gold pieces.


Innate Abilities, Weirdness & Mutations

You are under a permanent stasis effect.
You can dig through walls and to a lower floor.
Your four strong arms can wield two-handed weapons with a shield.
((You have a pair of large antennae on your head (SInv).))
((You have sharp toenails.))


   Skills:
 - Level 6.8 Fighting
 + Level 12.3 Long Blades
 - Level 2.0 Throwing
 - Level 5.5 Armour
 - Level 2.6 Dodging
 - Level 2.5 Shields


You had 9 spell levels left.
You didn't know any spells.

Inventory:

Hand Weapons
 a - a +0 long sword
 N - a +0 great sword (weapon)
Missiles
 c - 2 throwing nets (quivered)
 m - 11 tomahawks
 Q - 21 poisoned needles
Armour
 b - a +0 leather armour
 i - a +0 plate armour (melded)
 n - a +0 buckler (worn)
 w - a +0 cloak (melded)
Jewellery
 j - a ring of protection from cold (left branch)
 y - an amulet of magic regeneration (around neck)
 I - an uncursed amulet of inaccuracy
Wands
 M - a wand of flame (7/48)
Scrolls
 e - a scroll of immolation {unknown}
 f - a scroll of fear {unknown}
 k - 2 scrolls of blinking {unknown}
 l - 4 scrolls of remove curse
 p - 4 scrolls of enchant weapon {unknown}
 u - 2 scrolls of teleportation {unknown}
 x - 6 scrolls of enchant armour {unknown}
 z - a scroll of magic mapping {unknown}
 J - a scroll of random uselessness {unknown}
Potions
 h - a potion of invisibility
 o - 2 potions of resistance
 q - a potion of cure mutation {unknown}
 s - 3 potions of curing
 v - 2 potions of brilliance
 C - a potion of heal wounds {unknown}
 D - a potion of magic {unknown}
 F - 2 potions of cancellation
 K - a potion of haste {unknown}
 L - a potion of might {unknown}
 P - a potion of agility {unknown}
Books
 r - a book of Battle
 B - a book of Party Tricks
 G - a book of the Dragon
 H - a Necronomicon
Comestibles
 d - 7 bread rations
 g - 5 meat rations
 A - 2 royal jellies
 E - 3 beef jerkies
 R - 7 slices of pizza

Dungeon Overview and Level Annotations

Branches:
Dungeon (8/15)             Temple (1/1) D:7
   Lair: D:8-11

Altars:
Ashenzari
Cheibriados
Dithmenos
Elyvilon
Fedhas
Gozag
Kikubaaqudgha
Makhleb
Nemelex Xobeh
Okawaru
Pakellas
Qazlal
Ru
Sif Muna
Trog
Vehumet
Xom
Yredelemnul
Zin
The Shining One

Annotations:
D:4 1 runed door, exclusion: 2 doors Bailey Dustman's ghost, novice HEWr; MordorOrchid's ghost, novice TrHu


Message History

Your roots penetrate the ground.
MordorOrchid's ghost screams, "I was like you once."
You block MordorOrchid's ghost's attack.
Dustman's ghost hits you but does no damage.
You slash Dustman's ghost!
Dustman's ghost is heavily damaged.
MordorOrchid's ghost hits you but does no damage.
Dustman's ghost hits you but does no damage.
You barely miss Dustman's ghost.
Dustman's ghost is heavily damaged.
MordorOrchid's ghost barely misses you.
Dustman's ghost hits you but does no damage.
You barely miss Dustman's ghost.
Dustman's ghost is heavily damaged.
MordorOrchid's ghost hits you. Dustman's ghost hits you!
You closely miss Dustman's ghost.
Dustman's ghost is heavily damaged.
MordorOrchid's ghost hits you but does no damage.
Dustman's ghost hits you.
You hit Dustman's ghost but do no damage.
Dustman's ghost is heavily damaged.
MordorOrchid's ghost hits you but does no damage.
Dustman's ghost hits you.
You hit Dustman's ghost but do no damage.
Dustman's ghost is heavily damaged.
You block MordorOrchid's ghost's attack.
You block Dustman's ghost's attack.
You hit Dustman's ghost.
Dustman's ghost is heavily damaged.
MordorOrchid's ghost hits you but does no damage.
Dustman's ghost hits you but does no damage.
You barely miss Dustman's ghost.
Dustman's ghost is heavily damaged.
MordorOrchid's ghost hits you!
You die...

### ##7## #WW.#
#...# { .......
{ {o~.......~{{
~{~~.......~~{~
~~~..#...#..~~~
....##...##....
#### ##\## ####


You could see Dustman's ghost and MordorOrchid's ghost.

Action                   |  1- 3 |  4- 6 |  7- 9 | 10-12 || total
-------------------------+-------+-------+-------+-------++-------
Melee: Long sword        |    91 |    98 |   482 |       ||   671
       Great sword       |       |       |   148 |   153 ||   301
Throw: Throwing net      |       |     2 |       |       ||     2
 Abil: Dig               |     2 |     1 |    11 |     2 ||    16
  Use: Scroll            |       |       |     8 |     1 ||     9
       Potion            |       |       |     1 |     3 ||     4
 Stab: Held in net/web   |       |     4 |       |       ||     4
  Eat: Chunk             |       |     4 |    21 |     4 ||    29

Notes
Turn   | Place    | Note
--------------------------------------------------------------
     0 | D:1      | Duffy the Formicid Gladiator began the quest for the Orb.
     0 | D:1      | Reached XP level 1. HP: 16/16 MP: 1/1
   138 | D:1      | Reached XP level 2. HP: 19/22 MP: 2/2
   695 | D:2      | Reached skill level 4 in Long Blades
   695 | D:2      | Reached XP level 3. HP: 20/27 MP: 3/3
  1033 | D:2      | Noticed Natasha
  1052 | D:2      | Killed Natasha
  1052 | D:2      | Reached skill level 1 in Shields
  1052 | D:2      | Reached XP level 4. HP: 15/33 MP: 4/4
  1227 | D:2      | Noticed Natasha
  1235 | D:2      | Killed Natasha
  1235 | D:2      | Reached skill level 2 in Shields
  1245 | D:2      | Found a faded altar to an unknown god.
  1249 | D:2      | Noticed Natasha
  1268 | D:2      | Killed Natasha
  1268 | D:2      | Reached XP level 5. HP: 24/38 MP: 5/5
  1427 | D:2      | Reached skill level 5 in Long Blades
  1488 | D:2      | Found a stormy altar of Qazlal.
  1922 | D:2      | Noticed Sigmund
  1934 | D:2      | Killed Sigmund
  1934 | D:2      | Reached skill level 6 in Long Blades
  1934 | D:2      | Reached XP level 6. HP: 44/44 MP: 6/6
  1991 | D:2      | Noticed Crazy Yiuf
  2014 | D:2      | Killed Crazy Yiuf
  2134 | D:2      | Reached XP level 7. HP: 46/50 MP: 7/7
  2377 | D:3      | Reached skill level 7 in Long Blades
  2424 | D:3      | Found a glowing drain.
  2461 | Sewer    | Entered a sewer
  2816 | Sewer    | Gained mutation: You have sharp toenails. [potion of beneficial mutation]
  2842 | Sewer    | Reached skill level 1 in Armour
  3101 | D:3      | Found a snail-covered altar of Cheibriados.
  3103 | D:3      | Found a white marble altar of Elyvilon.
  3105 | D:3      | Found an opulent altar of Gozag.
  3169 | D:3      | Reached skill level 2 in Armour
  3670 | D:4      | Found a runed door.
  3670 | D:4      | Noticed a human
  3674 | D:4      | Found a basalt altar of Yredelemnul.
  3720 | D:4      | Reached skill level 3 in Fighting
  3720 | D:4      | Reached XP level 8. HP: 55/58 MP: 8/8
  3918 | D:4      | Reached skill level 8 in Long Blades
  4082 | D:5      | Entered Level 5 of the Dungeon
  4673 | D:5      | Reached skill level 4 in Fighting
  5415 | D:5      | Reached skill level 5 in Fighting
  5581 | D:4      | Found an ancient bone altar of Kikubaaqudgha.
  6084 | D:6      | Noticed Duvessa
  6084 | D:6      | Noticed Dowan
  6117 | D:6      | Killed Duvessa
  6117 | D:6      | Reached skill level 9 in Long Blades
  6157 | D:6      | Killed Dowan
  6157 | D:6      | Reached XP level 9. HP: 52/69 MP: 9/9
  6432 | D:6      | Reached skill level 6 in Fighting
  6784 | D:6      | Found a bloodstained altar of Trog.
  6787 | D:6      | Found a shadowy altar of Dithmenos.
  6800 | D:6      | Found an oddly glowing altar of Pakellas.
  7139 | D:6      | Reached skill level 3 in Armour
  7346 | D:6      | Reached skill level 10 in Long Blades
  7661 | D:7      | Reached skill level 4 in Armour
  7801 | D:7      | Found a staircase to the Ecumenical Temple.
  7810 | Temple   | Entered the Ecumenical Temple
  7898 | Temple   | Became a worshipper of Makhleb the Destroyer
  8033 | D:7      | Noticed M4edhros's ghost (novice OpAr)
  8076 | D:7      | Killed M4edhros's ghost
  8076 | D:7      | Reached skill level 5 in Armour
  8076 | D:7      | Reached XP level 10. HP: 48/77 MP: 10/10
  8299 | D:7      | Reached skill level 11 in Long Blades
  8717 | D:7      | Reached * piety under Makhleb
  8878 | D:7      | Noticed Pikel
  8892 | D:7      | Killed Pikel
  8892 | D:7      | Reached skill level 12 in Long Blades
  9302 | D:8      | Found a flagged portal.
  9312 | Bailey   | Entered a bailey
  9312 | Bailey   | Noticed an orc knight
  9312 | Bailey   | Noticed Dustman's ghost (novice HEWr)
  9315 | Bailey   | Noticed MordorOrchid's ghost (novice TrHu)
  9333 | Bailey   | Mangled by MordorOrchid's ghost

Vault maps used:
D:1:      ncdulo_wetmaze
D:2:      lemuel_round_altar, ecumenical_altar_1, first_bread, uniq_sigmund,
          uniq_natasha, uniq_crazy_yiuf_cottage
D:3:      grunt_temple_overflow_diamond, gup_sewer_entry_pipe,
          cheibrodos_gnoll_hut
D:4:      minmay_goblin_kobold_castle, overflow_temple_1_default,
          dk_yredelemnul_ordeal
D:6:      old_forge, minmay_overflow_temple_star_quad, uniq_duvessa
D:7:      minmay_temple_entry_fiery, grunt_livestock, kennysheep_generic_room_7,
          uniq_pikel
D:8:      enter_bailey_2, nicolae_ossuary_entry_false_entrances
Temple:   zaba_magenta_temple_12
Sewer:    sewer_frog_island_01
Bailey:   bailey_polearm_4, bailey

Vanquished Creatures
  The ghost of M4edhros the Covert, a novice OpAr Pikel Sigmund
  A human Duvessa
  2 sky beasts
  4 slaves
  An orc warrior
  A necrophage
  6 ogres
  2 phantoms
  A centaur
  2 giant frogs Dowan
  6 scorpions
  3 wights
  A howler monkey
  5 crimson imps
  A giant frog zombie
  4 hounds
  A jelly
  A quasit
  3 orc priests
  A centaur skeleton
  A giant frog skeleton
  3 orc wizards Crazy Yiuf
  An iguana Natasha (thrice)
  2 worker ants
  4 sheep
  9 gnolls
  15 adders
  A shadow imp
  An ooze
  An adder skeleton
  An adder zombie
  2 worms
  2 dart slugs
  12 giant geckos
  22 orcs
  A ball python
  10 bats
  13 giant cockroaches
  5 goblins
  8 hobgoblins
  5 jackals
  8 kobolds
  4 quokkas
  8 giant newts
  A goblin zombie
  A jackal zombie
  2 rats
  5 fungi
203 creatures vanquished.
